 Dungeon Crawl Stone Soup version 0.29.0-4-gdea44cf6ec (webtiles) character file.

Game seed: 12126946198101918089

28 qw the Chopper (level 3, -4/21 HPs)
             Began as a Tengu Warper on Aug 28, 2022.
             Slain by Sigmund
             ... wielding a +0 scythe
              (8 damage)
             ... on level 2 of the Dungeon.
             The game lasted 00:00:05 (1447 turns).

qw the Chopper (Tengu Warper)                       Turns: 1447, Time: 00:00:06

Health: -4/21      AC:  8    Str: 13    XL:     3   Next: 12%
Magic:  7/7        EV:  4    Int: 13    God:
Gold:   49         SH:  7    Dex: 13    Spells: 6/6 levels left

rFire   . . .      SeeInvis .   Y - +0 hand axe
rCold   . . .      Faith    .   f - +0 kite shield
rNeg    . . .      Spirit   .   h - +0 chain mail
rPois   .          Reflect  .   (helmet restricted)
rElec   .          Harm     .   (no cloak)
rCorr   .          Rampage  .   (no gloves)
Will    .....                   (boots unavailable)
Stlth   ..........              (no amulet)
HPRegen 0.07/turn               (no ring)
MPRegen 0.10/turn               (no ring)

@: no status effects
A: beak, talons 3
a: no special abilities


You were on level 2 of the Dungeon.
You visited 1 branch of the dungeon, and saw 2 of its levels.

You collected 49 gold pieces.


Innate Abilities, Weirdness & Mutations

You have a beak for a mouth.
You have claws for feet.


   Skills:
 - Level 2.0 Fighting
 - Level 3.8 Axes
 - Level 1.0 Throwing
 - Level 1.1 Armour
 - Level 2.1 Dodging
 + Level 0.1 Shields
 - Level 2.0 Spellcasting
 - Level 2.4 Translocations


You had 6 spell levels left.
You didn't know any spells.
Your spell library contained the following spells:

 Spells                   Type           Power      Damage    Failure   Level
 Blink                    Tloc           14%        N/A       100%        2
 Gell's Gravitas          Tloc           7%         N/A       100%        3
 Lesser Beckoning         Tloc           7%         N/A       100%        3
 Teleport Other           Tloc           7%         N/A       100%        3
 Manifold Assault         Tloc           7%         N/A       100%        5

Inventory:

Hand Weapons
 j - a +0 whip
 Y - a +0 hand axe (weapon)
Armour
 f - a +0 kite shield (worn)
 h - a +0 chain mail (worn)
Potions
 d - a potion of attraction {unknown}
 g - a potion of resistance {unknown}
 i - a potion of heal wounds {unknown}

Dungeon Overview and Level Annotations

Branches:
Dungeon (2/15)

Altars:

Annotations:
D:2 Sigmund


Message History

Found a scroll of identify and 10 gold pieces.
There is a stone staircase leading up here.
There are monsters nearby!
Existing waypoints: (2) D:1 Assign waypoint to what number? (0-9, D - delete waypoint) Waypoint 1 assigned to D:2.
A goblin comes into view. It is wielding a +0 club.
You barely miss the adder. Your kick misses the adder.
You block the adder's attack.
Sigmund hits you from afar with a +0 scythe!
You hit the adder. Your kick misses the adder. Your peck misses the adder.
The adder is lightly wounded.
The adder bites you but does no damage. You block the adder's attack.
Sigmund barely misses you.
You completely miss the adder.
The adder is lightly wounded.
The adder bites you but does no damage.
A ball python comes into view.
The adder bites you but does no damage.
You barely miss the adder.
The adder is lightly wounded.
The ball python hisses angrily.
You hear a shout!
A bat comes into view.
Sigmund hits you from afar with a +0 scythe.
The adder bites you but does no damage.
A hobgoblin comes into view.
You hit the adder. You claw the adder. You peck the adder.
The adder is severely wounded.
You hit the goblin.
You kill the goblin!
You block the adder's attack.
Sigmund hits you from afar with a +0 scythe!
You block the adder's attack.
You closely miss the adder. You peck the adder.
The adder is almost dead.
You hit the ball python but do no damage.
The bat hits you but does no damage. You block the adder's attack.
Sigmund hits you from afar with a +0 scythe!
You die...

# .. #
...#.
...g.#####
....$....#
......Sb?#
#.@S@<#
#.#####


You could see Sigmund, an adder, a hobgoblin, a bat and a ball python.

Vanquished Creatures
  3 ball pythons (D:1)
  4 bats (D:1)
  4 endoplasms (D:1)
  2 goblins
  A hobgoblin (D:1)
  2 quokkas (D:1)
  3 frilled lizards (D:1)
  A kobold (D:1)
  7 rats (D:1)
27 creatures vanquished.

Notes
Turn   | Place    | Note
-------+----------+-------------------------------------------
     0 | D:1      | qw the Tengu Warper began the quest for the Orb.
     0 | D:1      | Reached XP level 1. HP: 12/12 MP: 4/4
     0 | D:1      | 0 ||| qw: Version: 0.1-a-89-g26bdef1
     0 | D:1      | 0 ||| qw: Game counter: 1881
     0 | D:1      | 0 ||| qw: Always use a shield: true
     0 | D:1      | 0 ||| qw: God list: Okawaru
     0 | D:1      | 0 ||| qw: Allow faded altars: false
     0 | D:1      | 0 ||| qw: Do Orc after D:15 true
     0 | D:1      | 0 ||| qw: Do second Lair branch before Depths: true
     0 | D:1      | 0 ||| qw: Lair rune preference: random
     0 | D:1      | 0 ||| qw: Plans: Normal
     0 | D:1      | 0 ||| PLANNING D:1-11
   211 | D:1      | Reached XP level 2. HP: 17/17 MP: 6/6
   222 | D:1      | Reached skill level 3 in Axes
   682 | D:1      | Reached XP level 3. HP: 15/21 MP: 7/7
  1022 | D:1      | 1022 ||| DROPPING +0 club.
  1411 | D:1      | 1411 ||| UPGRADING to +0 kite shield.
  1416 | D:1      | 1416 ||| UPGRADING to +0 chain mail.
  1426 | D:1      | 1426 ||| DROPPING +0 leather armour.
  1427 | D:1      | 1427 ||| READING scroll labelled IFFIVU WIASK.
  1428 | D:1      | 1428 ||| DROPPING scroll of blinking.
  1440 | D:2      | Noticed Sigmund
  1446 | D:2      | HP: 4/21 [Sigmund/+0 scythe (9)]
  1447 | D:2      | Slain by Sigmund

Levels and vault maps discovered:
D:1:      psy_arrival_radial02, layout_basic, nrook_mini_backslash,
          minmay_misc_feat_ornament, feat_on_display
D:2:      layout_basic, minmay_hexomino_u4, uniq_sigmund

Skill      XL: |  1  2 |
---------------+-------+-----
Axes           | 3 |  3.8
Fighting       | |  2.0
Throwing       | |  1.0
Armour         | |  1.1
Dodging        | |  2.1
Shields        | |  0.1
Spellcasting   | |  2.0
Translocations | |  2.4

Action                   || total
-------------------------++-------
Melee: Hand axe          ||    63
       Kick              ||    12
       Peck              ||     5
Throw: Boomerang         ||     7
  Use: Scroll            ||     1
Armor: Leather armour    ||     6
       Chain mail        ||     5
Dodge: Dodged            ||    36
Block: Kite shield       ||     5

Table legend:
 A = Non-vault XP
 B = Vault XP
 C = Vault XP percentage of total XP
 D = Non-vault monster count
 E = Vault monster count
 F = Vault count percentage of total count
                 A         B        C        D         E       F
            +---------+---------+-------+---------+---------+-------
      Total |      38 |       2 |   5.0 |      26 |       1 |   3.7
            +---------+---------+-------+---------+---------+-------
        D:1 |      38 |       0 |   0.0 |      26 |       0 |   0.0
        D:2 |       0 |       2 | 100.0 |       0 |       1 | 100.0
            +---------+---------+-------+---------+---------+-------
